 Dungeon Crawl Stone Soup version 0.16-a0-3493-gd9d85f0 (webtiles) character file.

4617 Pikaro the Covert (level 10, 0/49 HPs)
             Began as a Spriggan Enchanter on Jan 4, 2015.
             Was a Priest of Kikubaaqudgha.
             Slain by a hill giant
             ... wielding a +0 giant club
              (31 damage)
             ... on level 9 of the Dungeon.
             The game lasted 00:50:33 (16692 turns).

Pikaro the Covert (Spriggan Enchanter)             Turns: 16692, Time: 00:50:33

Health: 0/49       AC:  4    Str:  4    XL:     10   Next: 19%
Magic:  16/23      EV: 26    Int: 21    God:    Kikubaaqudgha [***...]
Gold:   367        SH:  0    Dex: 16    Spells: 4 memorised, 6 levels left

rFire  + . .     SeeInvis +     a - +4 dagger (venom)
rCold  x . .     Clarity  .     q - +1 robe
rNeg   . . .     SustAb   .     (shield restricted)
rPois  .         Gourm    .     (helmet restricted)
rElec  .         Spirit   .     (no cloak)
rCorr  .         Warding  .     (gloves unavailable)
rMut   .         Stasis   .     (boots unavailable)
MR     +....                    (no amulet)
Stlth  ++++++....               k - ring of fire {rF+, rC-}
                                h - +1 ring of protection

@: very quick, somewhat resistant to hostile enchantments, very stealthy
A: unfitting armour, horns 1, see invisible, herbivore 3, speed 3, slow
metabolism 2
a: Receive Corpses, Renounce Religion


You were on level 9 of the Dungeon.
You worshipped Kikubaaqudgha.
Kikubaaqudgha was most pleased with you.
You were not hungry.

You visited 1 branch of the dungeon, and saw 9 of its levels.

You collected 451 gold pieces.
You spent 84 gold pieces at shops.

Inventory:

Hand weapons
 a - a +4 dagger of venom (weapon)
   (You took it off an orc on level 6 of the Dungeon)
 E - a +0 blowgun
   (You took it off a kobold on level 8 of the Dungeon)
Missiles
 p - 24 poisoned needles
Armour
 q - a +1 robe (worn)
Jewellery
 d - an uncursed ring of see invisible {sInv, !d}
   (You found it on level 9 of the Dungeon)
 h - a +1 ring of protection (left hand)
   (You found it on level 2 of the Dungeon)
 k - a ring of fire (right hand) {rF+, rC-}
   (You found it on level 8 of the Dungeon)
 t - an uncursed ring of flight {+Fly, !d}
   (You found it on level 4 of the Dungeon)
 v - an uncursed amulet of resist mutation {rMut, !d}
   (You found it on level 5 of the Dungeon)
Magical devices
 l - a wand of enslavement (24)
   (You found it on level 3 of the Dungeon)
 w - a wand of paralysis (0)
   (You found it on level 5 of the Dungeon)
 x - a wand of frost (28)
   (You found it on level 5 of the Dungeon)
 z - a wand of confusion (15)
   (You took it off a kobold on level 8 of the Dungeon)
Scrolls
 b - a scroll of blinking {!r}
 e - a scroll of recharging
 i - 2 scrolls of remove curse
 j - 2 scrolls of magic mapping {!r}
 m - 2 scrolls of teleportation
 L - a scroll of torment {unknown}
Potions
 g - 2 potions of mutation {unknown}
 o - a potion of resistance
 r - 6 potions of curing
 s - a potion of ambrosia {!q!magic, !confuse}
 u - a potion of poison {!q}
 y - a potion of agility
 A - a potion of restore abilities
 B - a potion of might
 C - a potion of magic
 D - a potion of lignification {!q}
 F - a potion of haste
 H - a potion of brilliance {unknown}
 J - a potion of flight {unknown}
 K - a potion of degeneration {unknown}
Books
 c - a book of Maledictions
 n - Kikubaaqudgha's Volume of Darkness
   (Kikubaaqudgha gifted it to you on level 6 of the Dungeon)

   Spells                             Type                      Level
   a - Animate Skeleton               Necromancy                   1
   b - Corpse Rot                     Necromancy                   2
   c - Sublimation of Blood           Necromancy                   2
   d - Vampiric Draining              Necromancy                   3
   e - Control Undead                 Necromancy                   4
Miscellaneous
 G - an ornate deck of wonders
   (You found it on level 9 of the Dungeon)
 I - a plain deck of destruction
   (You found it on level 9 of the Dungeon)
Comestibles
 f - 3 fruits


   Skills:
 + Level 3.2 Fighting
 + Level 9.5 Short Blades
 + Level 11.2 Dodging
 + Level 13.3 Stealth
 - Level 2.6 Spellcasting
 - Level 3.6 Hexes


You had 6 spell levels left.
You knew the following spells:

 Your Spells              Type           Power        Failure   Level  Hunger
A - Corona                Hex            ###....      3%          1    None
B - Ensorcelled Hibernat  Hex/Ice        #.....       12%         2    ##.....
C - Sure Blade            Hex/Chrm       ##........   12%         2    ##.....
D - Confuse               Hex            ###.....     12%         3    ###....


Dungeon Overview and Level Annotations

Branches:
Dungeon (9/15)             Temple (0/1) D:7
   Lair: D:8-11         Orc: D:9-12

Altars:
Ashenzari
Elyvilon
Gozag
Kikubaaqudgha
Makhleb
Ru
Vehumet
Yredelemnul

Shops:
D:8 !


Innate Abilities, Weirdness & Mutations

You are tiny and cannot use many weapons and most armour.
You have supernaturally acute eyesight.
You are a herbivore.
You cover ground extremely quickly.
You need consume almost no food.
You have a pair of small horns on your head.


Message History

You barely miss the orc priest.
The orc priest barely misses something.
Warning x3: The orc priest can smite you!
The orc priest (confused) can smite you!
The orc warrior can hit for high damage!
You hit the orc priest but do no damage.
Danger x4: hill giant, orc priest, orc priest (confused), orc warrior!
The orc warrior resists with some effort.
The orc priest hits itself but does no damage.
You now have 12/23 mp.
Warning x3: The orc priest can smite you!
The orc priest (confused) can smite you!
The orc warrior can hit for high damage!
The orc warrior appears confused.
The orc priest cries.
The orc warrior cries.
The orc warrior completely misses you.
The orc priest utters an invocation to Beogh.
You feel troubled.
You now have 9/23 mp.
Warning x3: The orc warrior (confused) can hit for high damage!
The orc priest (confused) can smite you!
The orc priest can smite you!
You hit the orc warrior but do no damage.
The orc warrior is poisoned.
Warning x3: The orc warrior (confused) can hit for high damage!
The orc priest (confused) can smite you!
The orc priest can smite you!
You hit the orc warrior but do no damage.
The orc warrior looks even sicker.
Warning x3: The hill giant can hit for high damage in melee!
The orc warrior (confused) can hit for high damage!
The orc priest (confused) can smite you!
The orc priest resists with some effort.
You now have 6/23 mp.
Danger x4: hill giant, orc warrior (confused), orc priest (confused), orc priest!
The hill giant easily resists.
The orc priest utters an invocation to Beogh.
You feel a wave of unholy energy pass over you.
You now have 3/23 mp.
Danger x4: hill giant, orc warrior (confused), orc priest (confused), orc priest!
The hill giant easily resists.
The hill giant completely misses you.
The orc warrior hits the orc priest with a hand axe!!
The orc priest is killed!
You now have 1/23 mp.
Warning x3: The hill giant can hit for high damage in melee!
The orc warrior (confused) can hit for high damage!
The orc priest (confused) can smite you!
There is an open door, spattered with blood here.
You open the door.
You close the door.
An orc comes into view. It is wielding a whip.
An orc comes into view. It is wielding a flail.
The orc moves out of view.
Something unseen opens the door.
An orc comes into view. It is wielding a dagger.
The orc shouts!
An orc comes into view. It is wielding a flail.
You hit the orc but do no damage.
The orc is poisoned.
The orc completely misses you.
You hit the orc.
You kill the orc! a whip; a leather armour; an orc corpse Spoiler Alert: The hill giant can hit for high damage in melee!
You hit the orc.
The orc is poisoned.
Your headbutt misses the orc.
You kill the orc!
The orc misses you. a dagger; an orc corpse You hit the orc.
The orc is poisoned.
You hit the orc.
The orc looks even sicker.
You kill the orc!
Spoiler Alert: The hill giant can hit for high damage in melee!
You hit the orc but do no damage.
The orc is poisoned.
You closely miss the orc. The orc completely misses you.
You hit the orc.
The orc looks even sicker.
You hit the orc. Your headbutt misses the orc.
You kill the orc! a flail; a ring mail; a flail Spoiler Alert: The hill giant can hit for high damage in melee! a dagger; an orc corpse a flail; a ring mail; a flail You hit the hill giant.
You hit the hill giant but do no damage.
The hill giant is poisoned.
The hill giant completely misses you.
Your magical contamination has completely faded away.
Spoiler Alert: The hill giant can hit for high damage in melee!
An orc comes into view. It is wielding a hand axe of flaming.
There is a stone staircase leading down here.
You hit the orc.
You kill the orc! a hand axe of flaming; a leather armour You hit the hill giant.
The hill giant barely misses you.
Spoiler Alert: The hill giant can hit for high damage in melee!
You hit the hill giant.
The hill giant looks even sicker.
You headbutt the hill giant. As you open the door, it creaks loudly!
You hit the hill giant.
The hill giant hits you with a giant club!
You take 17 damage, and have 24/49 hp.
MASSIVE DAMAGE!!
Spoiler Alert: The hill giant can hit for high damage in melee!
You hit the hill giant.
The hill giant looks even sicker.
Your headbutt misses the hill giant. a mace; a leather armour
Items here: )) [[ a war axe of freezing; a robe; an enchanted short sword; a robe The hill giant looks more healthy.
Spoiler Alert: The hill giant can hit for high damage in melee!
You open the door. You barely miss the hill giant.
You headbutt the hill giant, but do no damage.
The hill giant hits you with a giant club!!
Ouch! That really hurt!
You die...
Kikubaaqudgha rasps: "You have failed me!
Welcome... death!"

.##.>.##...##......#......).#....
...........'.......#........'....
#############.....##...##...#....
#.....##...##...#....
#...............#....
#.....####+##...#####
#.....##...##....#
#####'##.........#
#...@C##.........#
#..........###'###
##..........#.....#
#...........'.....#
#.......).).#.....#
#......)....#.....#
#############%....# #######


You could see a hill giant.

Vanquished Creatures
  An unseen horror (D:6)
  A deep elf mage (D:7)
  A hungry ghost (D:8)
  A wyvern (D:8)
  2 phantoms (D:8)
  An ice beast (D:8)
  2 sky beasts
  5 orc warriors
  7 ogres
  A centaur (D:9)
  Blork the orc (D:6)
  4 giant frogs
  A big kobold (D:8)
  3 scorpions
  5 wights (D:9)
  2 goliath beetles
  6 orc priests
  The ghost of Charly the Chopper, a weakling VSBe of Trog (D:5)
  3 crimson imps
  A quasit (D:6)
  The ghost of Pikaro the Sneak, a weakling SpEn (D:3)
  6 hounds
  A jelly (D:8)
  2 giant frog skeletons (D:8)
  A centaur skeleton (D:6)
  An iguana (D:4)
  9 worker ants
  2 orc wizards (D:4)
  2 hound zombies
  10 adders
  4 gnolls (D:6)
  A giant mite (D:3)
  2 shadow imps
  3 worms
  An adder zombie (D:7)
  7 giant geckos
  3 oozes
  46 orcs
  29 bats
  2 bat zombies
  5 giant cockroaches
  19 hobgoblins
  14 jackals
  13 kobolds
  3 quokkas
  A ball python (D:4)
  A giant cockroach zombie (D:5)
  5 giant newts
  10 goblins
  A quokka skeleton (D:4)
  11 rats
  A ballistomycete (D:8)
266 creatures vanquished.

Vanquished Creatures (others)
  A giant spore (D:8)
1 creature vanquished.

Grand Total: 267 creatures vanquished

Notes
Turn   | Place    | Note
--------------------------------------------------------------
     0 | D:1      | Pikaro, the Spriggan Enchanter, began the quest for the Orb.
     0 | D:1      | Reached XP level 1. HP: 9/9 MP: 4/4
     3 | D:1      | Found a white marble altar of Elyvilon.
   215 | D:1      | Reached XP level 2. HP: 13/13 MP: 7/7
   534 | D:1      | Reached skill level 2 in Short Blades
   534 | D:1      | Reached skill level 5 in Stealth
   885 | D:1      | Found a white marble altar of Elyvilon.
  1177 | D:2      | Found an opulent altar of Gozag.
  1264 | D:2      | Found a basalt altar of Yredelemnul.
  1503 | D:2      | Reached XP level 3. HP: 9/16 MP: 9/9
  1711 | D:2      | Reached skill level 6 in Stealth
  2147 | D:2      | HP: 4/16 [poisoned by an adder]
  2155 | D:2      | HP: 3/16 [poisoned by an adder]
  2278 | D:2      | HP: 4/16 [hobgoblin (5)]
  2568 | D:2      | Found a basalt altar of Yredelemnul.
  3032 | D:3      | Reached XP level 4. HP: 21/21 MP: 12/12
  3063 | D:3      | Reached skill level 3 in Short Blades
  3518 | D:3      | Noticed Pikaro's ghost (weakling SpEn)
  3551 | D:3      | Killed Pikaro's ghost
  3924 | D:3      | HP: 5/21 [hobgoblin/club (5)]
  3932 | D:3      | HP: 3/21 [poisoned by a giant mite]
  3939 | D:3      | HP: 2/21 [poisoned by a giant mite]
  4041 | D:3      | HP: 3/21 [hobgoblin/club (6)]
  4424 | D:3      | Reached skill level 7 in Stealth
  4478 | D:3      | Reached skill level 4 in Short Blades
  4478 | D:3      | Reached XP level 5. HP: 24/24 MP: 14/14
  4743 | D:4      | HP: 6/24 [hobgoblin (3)]
  4745 | D:4      | HP: 2/24 [hobgoblin (3)]
  5105 | D:4      | Reached skill level 8 in Stealth
  5143 | D:4      | Reached XP level 6. HP: 23/28 MP: 17/17
  5504 | D:4      | Reached skill level 5 in Short Blades
  5504 | D:4      | Reached skill level 4 in Dodging
  5562 | D:4      | Noticed an ogre
  5574 | D:4      | HP: 3/28 [ogre/giant club (21)]
  6418 | D:4      | Found a burning altar of Makhleb.
  6471 | D:5      | Entered Level 5 of the Dungeon
  6471 | D:5      | Noticed Charly's ghost (weakling VSBe)
  6682 | D:3      | Learned a level 2 spell: Ensorcelled Hibernation
  6685 | D:3      | Learned a level 2 spell: Sure Blade
  6689 | D:3      | Learned a level 3 spell: Confuse
  8856 | D:5      | Reached XP level 7. HP: 27/32 MP: 19/19
  8972 | D:4      | Killed an ogre
  8972 | D:4      | Reached skill level 5 in Dodging
  8972 | D:4      | Reached skill level 9 in Stealth
  9281 | D:5      | Found an ancient bone altar of Kikubaaqudgha.
  9290 | D:5      | Became a worshipper of Kikubaaqudgha
  9423 | D:5      | Killed Charly's ghost
  9704 | D:5      | Reached skill level 6 in Short Blades
  9974 | D:6      | Noticed Blork the orc
 10068 | D:5      | Found a sacrificial altar of Ru.
 10304 | D:6      | Reached skill level 6 in Dodging
 10341 | D:6      | Noticed an unseen horror
 10378 | D:6      | Killed an unseen horror
 10378 | D:6      | Reached skill level 7 in Short Blades
 10378 | D:6      | Reached skill level 7 in Dodging
 10378 | D:6      | Reached skill level 10 in Stealth
 10378 | D:6      | Reached XP level 8. HP: 11/36 MP: 20/20
 10395 | D:6      | HP: 9/36 [poison (a potion of poison)]
 10599 | D:6      | Reached skill level 8 in Dodging
 10599 | D:6      | Reached skill level 11 in Stealth
 10709 | D:6      | Acquired Kikubaaqudgha's first power
 10709 | D:6      | Received a gift from Kikubaaqudgha
 10719 | D:6      | Identified Kikubaaqudgha's Volume of Darkness (Kikubaaqudgha gifted it to you on level 6 of the Dungeon)
 11002 | D:6      | Killed Blork the orc
 11169 | D:6      | Reached skill level 9 in Dodging
 11629 | D:6      | Reached XP level 9. HP: 39/39 MP: 22/22
 11767 | D:6      | Reached skill level 8 in Short Blades
 12160 | D:7      | Acquired Kikubaaqudgha's second power
 12443 | D:7      | Found a staircase to the Ecumenical Temple.
 12693 | D:7      | Reached skill level 12 in Stealth
 12750 | D:7      | Found a shattered altar of Ashenzari.
 12839 | D:7      | Reached skill level 1 in Fighting
 13202 | D:7      | Found a shattered altar of Ashenzari.
 13338 | D:7      | Found a staircase to the Ecumenical Temple.
 13411 | D:8      | Reached skill level 10 in Dodging
 13809 | D:8      | HP: 7/42 [orc priest/divine providence (13)]
 13838 | D:8      | HP: 3/42 [orc priest/divine providence (13)]
 14211 | D:8      | Found Smoihiang's Distillery.
 14258 | D:8      | Reached skill level 2 in Fighting
 14384 | D:8      | Bought a potion of might for 48 gold pieces
 14384 | D:8      | Bought a potion of lignification for 36 gold pieces
 14385 | D:8      | Gained mutation: You have a pair of small horns on your head. [potion of beneficial mutation]
 14437 | D:8      | Reached skill level 9 in Short Blades
 14544 | D:8      | Found a white marble altar of Elyvilon.
 15043 | D:8      | Reached skill level 13 in Stealth
 15125 | D:8      | Found a radiant altar of Vehumet.
 15734 | D:9      | Reached XP level 10. HP: 47/47 MP: 23/23
 15755 | D:9      | Reached skill level 11 in Dodging
 15909 | D:9      | Reached skill level 3 in Fighting
 16533 | D:9      | Noticed a hill giant
 16550 | D:9      | Received a gift from Kikubaaqudgha
 16692 | D:9      | Slain by a hill giant

Action                   |  1- 3 |  4- 6 |  7- 9 | 10-12 || total
-------------------------+-------+-------+-------+-------++-------
Melee: Dagger            |   104 |   388 |   609 |    68 ||  1169
 Fire: Blowgun           |       |       |     6 |       ||     6
 Cast: Sure Blade        |       |     1 |     1 |       ||     2
       Corona            |       |       |     1 |       ||     1
       Confuse           |       |       |    10 |    17 ||    27
Evoke: Wand              |       |     1 |     3 |       ||     4
  Use: Scroll            |       |    10 |     9 |     1 ||    20
       Potion            |       |       |     5 |       ||     5
 Stab: Sleeping          |    13 |    15 |    30 |     8 ||    66
       Distracted        |     1 |     1 |     3 |       ||     5
       Paralysed         |       |     1 |     1 |       ||     2
       Confused          |       |       |     1 |     1 ||     2
  Eat: Bread ration      |       |     1 |     2 |       ||     3
       Pizza             |       |       |     1 |       ||     1

Vault maps used:
D:1:      sevenhm_arrival_forest_fort_small_6
D:2:      overflow_temple_1_default, hangedman_decor_peaks_small,
          lemuel_tele_altar
D:3:      st_stairs_3
D:4:      makhleb_blood_cavern_becter
D:5:      nicolae_overflow_hidden_temple, kiku_gazebo_pond_becter, first_bread,
          kennysheep_generic_room_3
D:6:      forest_paths, uniq_blork_the_orc
D:7:      cheibrodos_ashenzari_chains, temple_pool_b
D:8:      kennysheep_mini_moat, lemuel_coloured_pillars_altar, serial_shops,
          shop
D:9:      erik_orc_1

Table legend:
 A = Turns spent in this place as a percentage of turns spent in the entire game.
 B = Non-inter-level travel turns spent in this place as a percentage of non-inter-level travel turns spent in the entire game.
 C = Inter-level travel turns spent in this place as a percentage of turns spent in this place.
 D = Turns resting spent in this place as a percentage of non-inter-level travel turns spent in this place.
 E = Turns spent auto-exploring this place as a percentage of non-inter-level travel turns spent in this place.
 F = Non-inter-level travel turns spent in this place divided by the number of levels of this place that you've seen.
                   A       B       C       D       E      F
               +-------+-------+-------+-------+-------+----------------------
         Total | 100.0 | 100.0 |   0.2 |   4.7 |   4.3 | 500.8
       Dungeon | 100.0 | 100.0 |   0.2 |   4.7 |   4.3 | 500.8
               +-------+-------+-------+-------+-------+----------------------

Table legend:
 A = Kills in this place as a percentage of kills in entire the game.
 B = Kills by you in this place as a percentage of kills by you in the entire game.
 C = Kills by friends in this place as a percentage of kills by friends in the entire game.
 D = Other kills in this place as a percentage of other kills in the entire game.
 E = Experience gained in this place as a percentage of experience gained in the entire game.
 F = Experience gained in this place divided by the number of levels of this place that you have seen.
                   A       B       C       D       E      F
               +-------+-------+-------+-------+-------+----------------------
         Total | 100.0 | 100.0 |  -nan | 100.0 | 100.0 | 733.0
       Dungeon | 100.0 | 100.0 |  -nan | 100.0 | 100.0 | 733.0
               +-------+-------+-------+-------+-------+----------------------
